 Dungeon Crawl Stone Soup version 0.31.0-11-ge490571c62 (webtiles) character file.

Game seed: 13558521252054326889

604 mopl the Summoner (level 7, 0/36 HPs)
             Began as a Tengu Summoner on Feb 8, 2024.
             Slain by a nameless horror (7 damage)
             ... created by miscasting Summon Blazeheart Golem
             ... on level 5 of the Dungeon.
             The game lasted 00:05:17 (3393 turns).

mopl the Summoner (Tengu Summoner)                  Turns: 3393, Time: 00:05:17

Health: 0/36       AC: 10    Str: 14 (15) XL:     7   Next: 42%
Magic:  0/15       EV: 16    Int: 16 (17) God:
Gold:   249        SH:  5    Dex: 12 (14) Spells: 2/16 levels left

rFire   . . .        a - +1 trident (protect)
rCold   . . .        (no shield)
rNeg    . . .        y - +0 robe
rPois   .            (helmet restricted)
rElec   .            (no cloak)
rCorr   .            l - +0 pair of gloves
SInv    +            (boots unavailable)
Will    .....        p - amulet of reflection
Stlth   ++           g - ring of see invisible
HPRegen 0.26/turn    n - +6 ring of strength
MPRegen 0.14/turn

%: reflection, acrobat
@: under a protective aura, unable to call your familiar, flying
A: beak, talons 3, evasive flight, acrobatic
a: no special abilities


You were on level 5 of the Dungeon.
You visited 1 branch of the dungeon, and saw 5 of its levels.

You collected 249 gold pieces.

Inventory:

Hand Weapons
 a - a +1 trident of protection (weapon)
 f - a +0 short sword
 t - a +4 short sword of freezing
 w - a +0 spear
 z - a +0 spear of freezing
Armour
 l - a +0 pair of gloves (worn)
 y - a +0 robe (worn)
Jewellery
 d - an amulet of guardian spirit
 g - a ring of see invisible (left hand)
 n - a +6 ring of strength (right hand)
 p - an amulet of reflection (around neck)
Wands
 q - a wand of mindburst (5)
Scrolls
 c - 3 scrolls of teleportation {unknown}
 e - 5 scrolls of identify {unknown}
 m - a scroll of vulnerability {unknown}
 r - a scroll of poison {unknown}
 s - 3 scrolls of enchant weapon {unknown}
 u - a scroll of fear {unknown}
 A - 2 scrolls of torment {unknown}
Potions
 b - a potion of magic
 h - a potion of resistance {unknown}
 i - a potion of degeneration
 j - a potion of curing {unknown}
 k - a potion of cancellation {unknown}
 o - a potion of attraction {unknown}
 v - a potion of brilliance {unknown}
 x - 2 potions of berserk rage {unknown}


   Skills:
 + Level 1.8 Polearms
 - Level 2.1 Dodging
 - Level 2.0 Stealth
 * Level 5.2 Spellcasting
 * Level 8.0 Summonings


You had 2 spell levels left.
You knew the following spells:

 Your Spells              Type           Power      Damage    Failure   Level
a - Summon Small Mammal   Summ           100%       N/A       1%          1
b - Call Imp              Summ           58%        N/A       1%          2
c - Call Canine Familiar  Summ           29%        N/A       1%          3
d - Summon Lightning Spi  Summ/Air       17%        N/A       28%         4
g - Summon Blazeheart Go  Fire/Summ      17%        N/A       28%         4

Your spell library contained the following spells:

 Spells                   Type           Power      Damage    Failure   Level
 Sting                    Conj/Alch      16%        1d4       16%         1
 Mercury Vapours          Alch/Air       8%         N/A       22%         2
 Leda's Liquefaction      Alch/Erth      2%         N/A       83%         4
 Olgreb's Toxic Radiance  Alch           4%         N/A       83%         4
 Lee's Rapid Deconstruct  Erth           2%         3d4*      99%         5
 Bombard                  Conj/Erth      2%         9d1       100%        6


Dungeon Overview and Level Annotations

Branches:
Dungeon (5/15)
 Temple: D:4-7

Altars:
Ashenzari
Cheibriados
Gozag
Hepliaklqana
Makhleb
Qazlal

Shops:
D:5 :


Innate Abilities, Weirdness & Mutations

You have a beak for a mouth.
You have claws for feet.
Your magical flight helps you evade attacks. (EV +4)
You can magically evade attacks while moving or waiting.


Message History

Confirm with . or Enter, or press ? or * to list all spells.
You don't have enough magic to cast this spell.
You hit the nameless horror.
You peck the nameless horror, but do no damage.
You punch the nameless horror, but do no damage.
The nameless horror is heavily damaged.
The nameless horror closely misses you. The nameless horror barely misses you.
It was a potion of degeneration.
There was something very wrong with that liquid.
You feel weakened.
You feel dopey.
You feel clumsy. The nameless horror hits you.
You hit Menkaure. You claw Menkaure!
Menkaure is heavily damaged.
Menkaure closely misses you.
The nameless horror hits you but does no damage.
You barely miss Menkaure.
Menkaure is heavily damaged.
Menkaure hits you! The nameless horror closely misses you.
You closely miss Menkaure.
Menkaure is heavily damaged.
Menkaure wails, "Why can't you leave me to my rest?"
Menkaure closely misses you.
The nameless horror hits you but does no damage.
You hit Menkaure. Your kick misses Menkaure. Your peck misses Menkaure.
Menkaure is heavily damaged.
Menkaure mumbles some strange words.
Menkaure seems to speed up.
The nameless horror hits you!
You feel your power leaking away.
Your magical contamination has completely faded away.
You hit Menkaure. Your peck misses Menkaure.
Menkaure is severely damaged.
You block Menkaure's attack. The nameless horror hits you.
Menkaure calls on the powers of darkness!
Your body is wracked with pain!
* * * LOW HITPOINT WARNING * * *
The nameless horror completely misses you.
You puncture Menkaure! You claw Menkaure.
You destroy Menkaure!
The nameless horror hits you!
You die...

# #####.#
#................. #
####.####.#####.#########.
# #...........###%#### #.
# #.##...............# #.
# # ######.#.##.⌠.⌠.# ##.
# #.#........#####.. #
#.##....∩......#..
#X###......###.... #@#
#..⌠.⌠.# ##.## #.#
##.....# #.## ........#
####### #..# #########
##.. ###


You could see a nameless horror.

Vanquished Creatures
  Menkaure (D:5)
  A gnoll sergeant (D:5)
  A scorpion (D:5)
  3 gnolls (D:5)
  4 adders
  A white imp (D:5)
  2 dart slugs (D:1)
  2 ribbon worms
  3 orcs
  6 bats
  3 endoplasms
  2 giant cockroaches
  A goblin (D:1)
  3 hobgoblins
  3 kobolds
  3 quokkas
  10 ball pythons
  5 frilled lizards
  5 rats
59 creatures vanquished.

Vanquished Creatures (collateral kills)
  Sigmund (D:5)
  An orc warrior (D:5)
  A bombardier beetle (D:5)
  A jelly (D:5)
  A sleepcap (D:5)
  2 gnolls (D:5)
  A ribbon worm (D:5)
8 creatures vanquished.

Grand Total: 67 creatures vanquished

Notes
Turn   | Place    | Note
-------+----------+-------------------------------------------
     0 | D:1      | mopl the Tengu Summoner began the quest for the Orb.
     0 | D:1      | Reached XP level 1. HP: 10/10 MP: 4/4
    48 | D:1      | Reached skill level 5 in Summonings
    61 | D:1      | Reached XP level 2. HP: 7/15 MP: 6/6
   393 | D:1      | Reached XP level 3. HP: 19/19 MP: 7/7
   396 | D:1      | Learned a level 2 spell: Call Imp
   400 | D:1      | Learned a level 3 spell: Call Canine Familiar
  1368 | D:3      | Reached XP level 4. HP: 22/24 MP: 9/9
  1862 | D:3      | Found a faded altar of an unknown god.
  2010 | D:4      | Found a broken altar of Ashenzari.
  2100 | D:4      | Found a burning altar of Makhleb.
  2105 | D:4      | Found a snail-covered altar of Cheibriados.
  2413 | D:4      | Reached skill level 6 in Summonings
  2496 | D:5      | Entered Level 5 of the Dungeon
  2504 | D:5      | Noticed Sigmund
  2509 | D:5      | Noticed a scorpion
  2516 | D:5      | Killed Sigmund
  2517 | D:5      | Reached XP level 5. HP: 28/28 MP: 7/12
  2517 | D:5      | Reached XP level 6. HP: 32/32 MP: 7/13
  2534 | D:5      | Reached skill level 7 in Summonings
  2572 | D:5      | Noticed an orc warrior
  2649 | D:5      | Learned a level 4 spell: Summon Blazeheart Golem
  2700 | D:5      | Reached skill level 1 in Polearms
  2781 | D:5      | Found a stormy altar of Qazlal.
  2871 | D:5      | Gained mutation: Your magical flight helps you evade
                  | attacks. (EV +4) [Tengu growth]
  2871 | D:5      | Reached XP level 7. HP: 28/36 MP: 12/15
  2876 | D:5      | Learned a level 4 spell: Summon Lightning Spire
  2901 | D:5      | Found an opulent altar of Gozag.
  2902 | D:5      | Found a hazy altar of Hepliaklqana.
  3007 | D:5      | Reached skill level 5 in Spellcasting
  3121 | D:5      | Reached skill level 8 in Summonings
  3190 | D:5      | Found Qunifu's Vocational Training.
  3378 | D:5      | Noticed Menkaure
  3380 | D:5      | Noticed a nameless horror
  3393 | D:5      | Killed Menkaure
  3393 | D:5      | Slain by a nameless horror

Illustrated notes

Levels and vault maps discovered:
D:1:      lordsloth_arrival_two_stooges, layout_rooms
D:2:      layout_basic, chequers_serial_rivers_micro_d, minmay_cupped
D:3:      layout_loops_ring, basic_ecumenical_altar
D:4:      nicolae_cairo_tiling_large, layout_rooms,
          mainiacjoe_overflow_catwalk_spiral, evilmike_ruin_ashenzari,
          minmay_misc_feat_cross
D:5:      layout_loops_ring, mainiacjoe_overflow_paths,
          gammafunk_temple_overflow_statue, kennysheep_cross_bottleneck,
          serial_park_tiny_1, nicolae_shop_vocational, uniq_sigmund,
          uniq_menkaure

Skill      XL: |  1  2  3  4  5  6  7 |
---------------+----------------------+-----
Summonings     | 5 6 7 8 |  8.0
Spellcasting   | 3 4 5 |  5.2
Polearms       | 1 |  1.8
Dodging        | |  2.1
Stealth        | |  2.0

Action                     |  1- 3 |  4- 6 |  7- 9 || total
---------------------------+-------+-------+-------++-------
  Melee: Unarmed           |    27 |       |       ||    27
         Kick              |    31 |    13 |     6 ||    50
         Peck              |    19 |     4 |     3 ||    26
         Short sword       |    84 |    41 |       ||   125
         Punch             |     2 |     1 |     1 ||     4
         Trident           |       |    18 |    34 ||    52
   Cast: Call Canine Famil |       |     4 |     3 ||     7
         Call Imp          |       |     4 |     2 ||     6
         Summon Small Mamm |       |     2 |       ||     2
         Summon Lightning  |       |       |     1 ||     1
    Use: Potion            |       |       |     1 ||     1
   Stab: Sleeping          |     1 |     4 |       ||     5
 Armour: Robe              |    73 |    19 |    12 ||   104
  Dodge: Dodged            |   103 |    29 |    22 ||   154
  Block: Other             |       |     4 |     4 ||     8
